Map: Catalyst LE

Players

radgeRayden - Winner!

  • Race: Zerg Zerg
  • League: Platinum
  • Spawn Location: 5:00

Fear

  • Race: Terran Terran
  • League: Platinum
  • Spawn Location: 11:00

VOD

Have the link to the VOD?

Description

Time

  • Played on: Dec. 3, 2017, 3:32 p.m.
  • Length: 17:05
Show
View Real Time Build Order
Export as new Build Order

radgeRayden Zerg - Winner!

Build Orders: Hatch First, Swarm Host 

Get SALT Encoding   

  12  0:01  Drone  
  13  0:13  Overlord  
  13  0:17  Drone  
  14  0:31  Drone x2  
  16  0:35  Drone  
  17  0:53  Hatchery  
  17  0:56  Drone  
  17  0:59  Drone  
  17  1:04  Extractor  
  17  1:17  Spawning Pool  
  16  1:19  Drone  
  16  1:22  Drone  
  18  1:29  Drone  
  19  1:40  Overlord  
  19  2:04  Queen  
  19  2:06  Queen, Metabolic Boost  
  19  2:08  Zergling x2  
  24  2:09  Zergling x2  
  24  2:13  Drone  
  24  2:15  Drone  
  27  2:19  Drone  
  28  2:25  Drone  
  28  2:27  Drone  
  30  2:36  Drone  
  31  2:38  Drone  
  31  2:43  Overlord  
  32  2:48  Drone  
  33  2:58  Drone  
  34  3:01  Drone  
  35  3:09  Queen  
  35  3:11  Drone  
  38  3:15  Drone  
  38  3:16  Hatchery, Drone  
  40  3:20  Drone x2  
  40  3:22  Drone  
  40  3:26  Overlord  
  42  3:29  Drone  
  42  3:30  Drone  
  44  3:48  Queen  
  44  3:50  Drone x5  
  44  3:51  Drone  
  52  3:56  Overlord x2, Extractor  
  51  4:05  Extractor, Lair  
  51  4:06  Drone  
  51  4:15  Drone x2  
  51  4:16  Drone  
  54  4:26  Extractor  
  54  4:29  Drone x6  
  54  4:30  Queen, Drone x2  
  63  4:35  Queen  
  65  4:42  Drone x2  
  65  4:43  Baneling Nest  
  66  4:50  Drone x2  
  68  4:54  Extractor  
  68  4:58  Drone x2  
  69  5:00  Drone  
  69  5:01  Drone x2  
  69  5:02  Zergling x2  
  69  5:03  Zergling x2  
  74  5:08  Overlord x4  
  73  5:26  Queen  
  73  5:27  Queen  
  73  5:28  Zergling x16  
  83  5:31  Baneling x4  
  83  5:32  Baneling x3  
  83  5:34  Zergling x6  
  88  5:44  Zergling x12  
  87  5:52  Zergling x2  
  87  5:53  Zergling x6  
  84  6:02  Drone x3  
  86  6:06  Hydralisk Den  
  86  6:09  Evolution Chamber  
  86  6:10  Evolution Chamber, Drone x5  
  88  6:20  Zergling x2  
  89  6:36  Hatchery  
  89  6:38  Zerg Ground Armor Level 1, Zerg Melee Weapons Level 1  
  88  6:40  Muscular Augments  
  88  6:41  Centrifical Hooks  
  88  6:42  Zergling x2  
  88  6:43  Hatchery, Zergling x22  
  99  7:01  Hydralisk  
  99  7:02  Hydralisk x2  
  99  7:05  Overlord x5  
  105  7:14  Baneling x2  
  105  7:15  Baneling x8  
  99  7:16  Baneling x3  
  61  7:42  Zergling x18  
  67  8:00  Zergling x2  
  68  8:20  Hatchery  
  68  8:22  Drone x5  
  68  8:23  Drone x3  
  70  8:27  Zergling x2  
  71  8:34  Baneling  
  71  8:35  Baneling x7  
  71  8:36  Hydralisk x3  
  77  8:41  Zerg Ground Armor Level 2  
  77  8:43  Zerg Missile Weapons Level 1  
  77  8:45  Hydralisk x3  
  83  8:54  Extractor  
  82  8:55  Extractor  
  82  8:59  Hydralisk  
  82  9:00  Hydralisk x4  
  91  9:05  Zergling x4  
  93  9:10  Queen  
  93  9:11  Hydralisk  
  93  9:12  Hydralisk  
  99  9:19  Hydralisk  
  99  9:20  Hydralisk x2  
  105  9:35  Zergling x14  
  112  9:43  Queen  
  112  9:44  Drone x3  
  112  9:45  Drone x2  
  119  9:46  Overlord  
  119  9:47  Overlord x2  
  119  10:02  Hydralisk  
  119  10:03  Hydralisk x3  
  119  10:04  Hydralisk  
  129  10:13  Drone  
  111  10:29  Hatchery  
  99  10:40  Hydralisk x4  
  99  10:41  Hydralisk x8  
  114  10:47  Zergling x10  
  114  10:48  Zergling x2  
  116  10:51  Zerg Melee Weapons Level 2  
  116  10:57  Drone x2  
  116  10:58  Drone  
  119  11:05  Zergling x6  
  122  11:14  Overseer  
  122  11:15  Overseer  
  122  11:17  Zerg Missile Weapons Level 2  
  122  11:21  Zergling x2, Infestation Pit  
  122  11:22  Zergling x14  
  129  11:25  Baneling  
  129  11:29  Drone  
  129  11:31  Drone  
  131  11:40  Zergling x2  
  131  11:41  Zergling x20  
  142  11:48  Hatchery  
  142  11:49  Hatchery  
  117  12:12  Baneling x6  
  117  12:13  Baneling x4  
  109  12:15  Drone x2  
  109  12:16  Drone x4  
  113  12:28  Zergling x2  
  113  12:29  Zergling x16  
  121  12:38  Queen, Infestor  
  121  12:39  Drone x2  
  121  12:40  Overlord x3  
  121  12:41  Overlord  
  113  13:05  Zergling x2  
  113  13:06  Zergling x28  
  124  13:13  Queen  
  124  13:16  Swarm Host  
  124  13:17  Zergling x2  
  130  13:22  Zergling x10  
  121  13:44  Zergling x2  
  121  13:45  Zergling x28  
  127  13:59  Zergling x8  
  131  14:04  Hive  
  131  14:07  Baneling  
  131  14:08  Baneling x13  
  131  14:24  Swarm Host x9  
  158  14:43  Baneling x6  
  158  14:44  Zergling x12  
  158  14:45  Zergling x12  
  170  14:49  Queen  
  172  15:19  Viper x3  
  181  15:24  Ultralisk Cavern  
  159  15:30  Adrenal Glands  
  149  15:41  Zergling x18  
  149  15:42  Zergling x26  
  171  16:03  Hydralisk x8  
  171  16:04  Hydralisk x4  
  187  16:23  Ultralisk x2  
  187  16:24  Zergling x2  
  187  16:25  Zergling x12  
Show
View Real Time Build Order
Export as new Build Order

Fear Terran 

Build Orders:  

Get SALT Encoding   

  12  0:01  SCV  
  13  0:13  SCV  
  14  0:17  Supply Depot  
  14  0:25  SCV  
  15  0:30  Refinery  
  15  0:39  SCV  
  16  0:47  Barracks  
  16  0:51  SCV  
  17  1:03  SCV  
  18  1:18  SCV  
  19  1:30  SCV  
  20  1:42  Orbital Command  
  20  1:50  Command Center  
  20  1:53  Barracks Reactor  
  20  2:08  SCV  
  21  2:12  Refinery  
  21  2:17  Factory  
  21  2:20  SCV  
  22  2:27  Supply Depot  
  22  2:30  Marine  
  23  2:42  Supply Depot  
  23  2:49  Marine  
  24  2:58  SCV  
  25  3:08  Armory  
  25  3:12  Factory  
  25  3:13  SCV  
  25  3:14  SCV  
  25  3:17  Hellion  
  25  3:18  Hellion  
  31  3:21  Barracks Reactor  
  31  3:25  SCV  
  31  3:26  SCV  
  33  3:38  SCV x2  
  35  3:47  Supply Depot  
  35  3:50  SCV  
  36  4:01  Hellion x2  
  40  4:05  Orbital Command  
  40  4:06  Cyclone  
  40  4:07  Refinery  
  43  4:12  SCV  
  44  4:26  SCV  
  45  4:33  Cyclone x2  
  45  4:34  Supply Depot  
  45  4:38  Terran Vehicle Weapons Level 1, SCV  
  51  4:40  SCV  
  51  4:44  Hellion x2  
  57  4:51  SCV  
  58  4:53  SCV  
  58  4:56  Supply Depot  
  59  5:03  SCV  
  59  5:05  Cyclone x2  
  66  5:15  Supply Depot  
  66  5:16  SCV  
  66  5:17  SCV  
  68  5:22  Factory  
  68  5:23  Engineering Bay  
  68  5:28  SCV  
  68  5:29  SCV  
  68  5:30  Refinery  
  62  5:53  Hellion  
  62  5:54  Hellion x3  
  63  6:01  SCV x2  
  59  6:07  Factory, Factory Tech Lab  
  59  6:10  Missile Turret  
  59  6:15  Hellion x4  
  67  6:21  Supply Depot  
  67  6:27  Thor  
  67  6:29  SCV  
  67  6:30  SCV  
  75  6:36  Cyclone  
  78  6:44  Cyclone x2  
  78  6:45  Cyclone  
  87  6:56  Factory Tech Lab  
  71  7:41  Cyclone x4  
  71  7:42  Cyclone x2  
  71  7:43  SCV x2  
  85  8:09  Infernal Pre-Igniter  
  85  8:11  Smart Servos  
  85  8:13  Widow Mine, Hellion x2  
  85  8:14  Hellion x2  
  85  8:17  Command Center  
  89  8:42  Command Center  
  89  8:50  Hellion  
  89  8:51  Hellion  
  93  8:57  Supply Depot  
  93  8:58  Supply Depot  
  93  8:59  Supply Depot x2  
  93  9:02  SCV  
  94  9:10  Armory  
  94  9:18  SCV x2  
  94  9:19  Thor, Hellion x3  
  108  9:31  Orbital Command, Refinery  
  108  9:33  Refinery  
  108  9:38  SCV x2  
  110  9:43  Cyclone x4  
  122  9:50  SCV x2  
  120  10:02  SCV, Hellion x2  
  121  10:15  Hellion x2  
  97  10:37  Hellion x5  
  97  10:38  Hellion  
  88  10:54  Planetary Fortress  
  88  10:58  Hellion x3  
  88  10:59  Hellion x2  
  98  11:08  Factory  
  98  11:10  Factory  
  98  11:13  Terran Vehicle Weapons Level 2  
  98  11:14  Terran Vehicle And Ship Armor Level 1  
  98  11:15  Hellion  
  100  11:19  Hellion  
  100  11:20  Hellion x2  
  100  11:21  Cyclone x2  
  112  11:36  Cyclone  
  112  11:37  SCV x2  
  112  11:38  SCV  
  118  11:41  Cyclone x3  
  127  11:53  Cyclone x2  
  131  12:06  Cyclone  
  131  12:07  Cyclone  
  119  12:08  Cyclone  
  119  12:13  Cyclone  
  123  12:20  Cyclone  
  123  12:21  Cyclone  
  108  12:25  Cyclone  
  97  12:31  SCV x2  
  97  12:32  SCV x2  
  101  12:41  Factory Reactor  
  101  12:42  Factory Reactor  
  101  12:43  SCV, Factory Tech Lab  
  101  12:44  SCV x2  
  104  12:56  Sensor Tower  
  78  13:13  Cyclone x4  
  86  13:21  Hellion x2  
  86  13:22  Hellion x3  
  71  13:43  Hellion x5  
  71  13:45  Hellion  
  73  14:00  Hellion x3  
  79  14:04  Hellion x2  
  79  14:05  Hellion x3  
  79  14:06  Hellion  
  91  14:11  Command Center  
  91  14:25  Sensor Tower  
  91  14:40  Supply Depot  
  91  14:42  Supply Depot  
  91  14:45  Supply Depot  
  91  14:49  Supply Depot  
  91  15:00  Missile Turret, Supply Depot  
  91  15:01  SCV x2, Supply Depot  
  91  15:03  Hellion x3  
  91  15:04  Supply Depot  
  99  15:14  SCV x2  
  100  15:16  Sensor Tower  
  101  15:26  SCV  
  76  15:33  Siege Tank x3  
  49  16:05  Siege Tank  
  52  16:19  Hellion  
  52  16:20  Hellion x2  
Tags
 
Composition
Swarm Host
Matchup
TvZ
Spawn Locations
Cross Positions
Add a new tag
Caveats
  • Supply blocks, unpowered buildings, or Contaminate may cause inaccurate times.
  • Supply counts are checked every 10 seconds.